 Dungeon Crawl Stone Soup version 0.27-a0-828-g8289197e94 (webtiles) character file.

Game seed: 6313190782283683403

249 Charly the Changer (level 5, -1/37 HPs)
             Began as a Demonspawn Transmuter on Mar 30, 2021.
             Killed from afar by an orc wizard (10 damage)
             ... with a magic dart
             ... on level 4 of the Dungeon.
             The game lasted 00:28:28 (2483 turns).

Charly the Changer (Demonspawn Transmuter)          Turns: 2483, Time: 00:28:29

Health: -1/37      AC:  2    Str: 11    XL:     5   Next: 87%
Magic:  3/9        EV: 19    Int: 17    God:
Gold:   141        SH:  0    Dex: 18    Spells: 1/9 levels left

rFire    . . .     SeeInvis .     - Unarmed
rCold    . . .     Faith    .   (shield currently unavailable)
rNeg     . . .     Spirit   .   (armour currently unavailable)
rPois    x         Reflect  .   (helmet currently unavailable)
rElec    .         Harm     .   (cloak currently unavailable)
rCorr    .         Rampage  .   (gloves currently unavailable)
Will     +....                  (boots currently unavailable)
Stlth    ++........             (no amulet)
HPRegen  0.12/turn              f - ring of willpower
MPRegen  0.11/turn              (no ring)

@: spider-form (expiring)
A: venomous fangs, tiny, big brain 1
a: End Transformation


You were on level 4 of the Dungeon.
You were a venomous arachnid creature.
You visited 1 branch of the dungeon, and saw 6 of its levels.

You collected 141 gold pieces.

Inventory:

Missiles
 d - 2 atropa-tipped darts (quivered)
Armour
 a - a +0 robe (melded)
Jewellery
 f - a ring of willpower (left front leg)
Wands
 k - a wand of polymorph (2)
Scrolls
 b - a scroll of enchant weapon
 g - a scroll of amnesia {unknown}
 h - a scroll of fear {unknown}
 i - a scroll of teleportation {unknown}
Potions
 c - 2 potions of invisibility
 e - a potion of cancellation {unknown}
 j - a potion of heal wounds {unknown}


   Skills:
 - Level 1.0 Fighting
 - Level 1.7 Dodging
 - Level 2.6 Unarmed Combat
 + Level 2.7 Spellcasting
 + Level 4.6 Transmutations
 - Level 2.5 Poison Magic


You had one spell level left.
You knew the following spells:

 Your Spells              Type           Power      Damage    Failure   Level
a - Apportation           Tloc           4%         N/A       38%         1
b - Beastly Appendage     Tmut           36%        N/A       10%         1
c - Animate Skeleton      Necr           4%         N/A       38%         1
w - Wereblood             Tmut           18%        N/A       13%         2
S - Spider Form           Tmut/Pois      7%         N/A       28%         3

Your spell library contained the following spells:

 Spells                   Type           Power      Damage    Failure   Level
 Corona                   Hex            2%         N/A       38%         1
 Summon Small Mammal      Summ           8%         N/A       38%         1
 Confusing Touch          Hex            2%         N/A       69%         3
 Gell's Gravitas          Tloc           1%         N/A       69%         3
 Ice Form                 Ice/Tmut       10%        N/A       77%         4
 Petrify                  Tmut/Erth      10%        N/A       77%         4
 Hydra Form               Tmut           9%         N/A       78%         5
 Yara's Violent Unravell  Hex/Tmut       5%         3d4       96%         5
 Metabolic Englaciation   Hex/Ice        1%         N/A       100%        5


Dungeon Overview and Level Annotations

Branches:
Dungeon (6/15)             Temple (0/1) D:6

Altars:
Nemelex Xobeh
Zin


Innate Abilities, Weirdness & Mutations

You are a venomous arachnid creature.
You have poisonous fangs.
You are tiny and dextrous.
Your spellcasting is less reliable in this form.
Your armour is entirely melded.
You are incapable of wielding weapons or throwing items.
You have an unusually large brain. (Int +2)


Message History

You kill the orc wizard!
You barely miss the orc.
The orc is severely wounded.
The orc misses you.
You hit the orc.
You kill the orc!
Items here: )) / [[ ††.
k - a wand of polymorph (2)
Your transformation has ended.
Your +0 robe unmelds from your body.
Your primal bloodlust is almost over. 2 orc wizards come into view.
You howl as the wereblood boils in your veins!
The orc wizard shouts!
You hear a shout!
Casting: Wereblood (safe; 4% risk of failure)
Confirm with . or Enter, or press ? or * to list all spells.
The spell is quite dangerous to cast (13% risk of failure)!
Continue anyway?
You turn into a venomous arachnid creature.
Your +0 robe melds into your body.
The orc wizard points at you and mumbles some strange words.
The magic dart hits you.
An orc comes into view. It is wielding a +0 short sword.
The orc wizard closely misses you.
You bite the orc wizard!
The orc wizard is poisoned.
The orc wizard is heavily wounded.
The orc wizard hits you with a +0 dagger.
You closely miss the orc wizard.
The orc wizard is severely wounded.
The orc wizard points at you and mumbles some strange words.
The puff of flame hits you!
* * * LOW HITPOINT WARNING * * *
You hit the orc wizard.
You kill the orc wizard!
Your primal bloodlust has ended.
You hit the orc wizard.
The orc wizard is poisoned.
The orc wizard is heavily wounded.
Your transformation is almost over.
The orc wizard gestures at you while chanting.
The magic dart hits you!
You die...

#.. #.. .. ###.## #....#
#....## #...o.# #...#o##
#####s.#
########..####### ###
#####.###......).........
..#
...#....#.#######.#######
#.# ##.#..#.#.#### #)##
#.# .#.#..#.#....# #..#
#.# .#.#....####.# #..#
#.# .#.##........# #.^#
#.# .#.##....###.# #..##
#.#


You could see an orc wizard (very poisoned) and an orc.

Vanquished Creatures
  A bullfrog skeleton (D:5)
  4 orc wizards
  A gnoll (D:1)
  2 adders
  A worm (D:3)
  2 dart slugs (D:2)
  6 orcs
  5 ball pythons
  6 bats
  10 endoplasms
  2 giant cockroaches (D:2)
  8 goblins
  8 hobgoblins
  6 jackals (D:1)
  3 quokkas (D:1)
  A frilled lizard (D:3)
  8 kobolds
  2 rats
76 creatures vanquished.

Notes
Turn   | Place    | Note
-------+----------+-------------------------------------------
     0 | D:1      | Charly the Demonspawn Transmuter began the quest for the
                  | Orb.
     0 | D:1      | Reached XP level 1. HP: 15/15 MP: 3/3
   151 | D:2      | Reached skill level 2 in Transmutations
   186 | D:3      | Gained mutation: You have an unusually large brain. (Int
                  | +2) [demonic ancestry]
   186 | D:3      | Reached XP level 2. HP: 11/21 MP: 3/5
   207 | D:2      | Learned a level 2 spell: Wereblood
   262 | D:2      | Found a sparkling altar of Nemelex Xobeh.
   429 | D:2      | Reached skill level 3 in Transmutations
   656 | D:1      | Reached XP level 3. HP: 4/26 MP: 3/6
   683 | D:1      | Learned a level 3 spell: Spider Form
   989 | D:1      | Reached skill level 1 in Poison Magic
  1160 | D:1      | Reached XP level 4. HP: 16/32 MP: 4/7
  1307 | D:2      | Learned a level 1 spell: Animate Skeleton
  1532 | D:3      | Reached skill level 4 in Transmutations
  1628 | D:3      | Reached XP level 5. HP: 18/37 MP: 2/8
  1713 | D:3      | Learned a level 1 spell: Apportation
  2155 | D:5      | Entered Level 5 of the Dungeon
  2286 | D:6      | Found a staircase to the Ecumenical Temple.
  2286 | D:6      | Noticed a sky beast
  2302 | D:5      | Noticed a black bear
  2483 | D:4      | Killed from afar by an orc wizard

Illustrated notes

Levels and vault maps discovered:
D:1:      minmay_arrival_split_and_join, layout_basic, minmay_statues_item,
          supply_closet_lemuel, chequers_serial_rivers_small_b
D:2:      layout_basic, general_overflow_altar, nemelex_altar_shiori
D:3:      layout_rooms
D:4:      layout_basic
D:5:      layout_basic, cheibriados_altar_1
D:6:      layout_cave_pods, temple_fountains, gup_sewer_entry_spiral

Skill      XL: |  1  2  3  4 |
---------------+-------------+-----
Transmutations | 2 3 4 |  4.6
Poison Magic   | 1 2 |  2.5
Fighting       | |  1.0
Dodging        | |  1.7
Unarmed Combat | |  2.6
Spellcasting   | |  2.7

Action                   |  1- 3 |  4- 6 || total
-------------------------+-------+-------++-------
Melee: Unarmed           |   120 |   107 ||   227
       Kick              |     8 |     5 ||    13
       Punch             |     3 |       ||     3
       Headbutt          |     2 |     2 ||     4
Throw: Dart              |     7 |     2 ||     9
 Cast: Beastly Appendage |    13 |     3 ||    16
       Wereblood         |     4 |     3 ||     7
       Spider Form       |     9 |    16 ||    25
  Use: Scroll            |     2 |     1 ||     3
       Potion            |     1 |     3 ||     4
 Stab: Sleeping          |     1 |     1 ||     2
       Invisible         |     1 |       ||     1
Armor: Robe              |     8 |     5 ||    13
       Skin              |     1 |     2 ||     3
Dodge: Dodged            |    68 |    62 ||   130

Table legend: (Time is in decaauts)
 A = Elapsed time spent in this place.
 B = Non-inter-level travel time spent in this place.
 C = Inter-level travel time spent in this place.
 D = Time resting spent in this place.
 E = Time spent auto-exploring this place.
 F = Levels seen in this place.
 G = Mean time per level.
                   A        B        C        D        E       F      G
               +--------+--------+--------+--------+--------+-----+--------+
         Total |   2455 |   2438 |     17 |    128 |      0 |   6 |  409.2 |
       Dungeon |   2455 |   2438 |     17 |    128 |      0 |   6 |  409.2 |
               +--------+--------+--------+--------+--------+-----+--------+

Top non-repeatable levels by time:
     D:2: 849 daAuts
     D:1: 692 daAuts
     D:3: 430 daAuts
     D:5: 260 daAuts
     D:4: 220 daAuts
     D:6: 1 daAuts
